 Dungeon Crawl Stone Soup version 0.31.0-11-ge490571c62 (webtiles) character file.

Game seed: 18301836121756392929

2 cono6783 the Caller (level 1, 6/11 HPs)
             Began as a Vampire Summoner on Feb 7, 2024.
             Quit the game on level 1 of the Dungeon.
             The game lasted 00:02:59 (87 turns).

cono6783 the Caller (Vampire Summoner)                Turns: 87, Time: 00:03:00

Health: 6/11       AC:  2    Str:  7    XL:     1   Next: 25%
Magic:  2/3        EV: 12    Int: 17    God:
Gold:   0          SH:  0    Dex: 14    Spells: 3/4 levels left

rFire   . . .        (no weapon)
rCold   . . .        (no shield)
rNeg    . . .        a - +0 robe
rPois   .            (no helmet)
rElec   .            (no cloak)
rCorr   .            (no gloves)
SInv    +            (no boots)
Will    .....        (no amulet)
Stlth   ++           (no ring)
HPRegen 0.41/turn    (no ring)
MPRegen 0.08/turn

%: no passive effects
@: healing quickly
A: alive, fangs 3, see invisible, vampiric 1, [frail 1]
a: Exsanguinate


You were on level 1 of the Dungeon.
You visited 1 branch of the dungeon, and saw 1 of its levels.

Inventory:

Armour
 a - a +0 robe (worn)
Potions
 b - a potion of magic


   Skills:
 + Level 2.1 Dodging
 + Level 3.0 Stealth
 + Level 2.1 Spellcasting
 + Level 4.0 Summonings


You had 3 spell levels left.
You knew the following spells:

 Your Spells              Type           Power      Damage    Failure   Level
a - Summon Small Mammal   Summ           60%        N/A       3%          1

Your spell library contained the following spells:

 Spells                   Type           Power      Damage    Failure   Level
 Call Imp                 Summ           30%        N/A       5%          2
 Call Canine Familiar     Summ           15%        N/A       11%         3
 Summon Blazeheart Golem  Fire/Summ      8%         N/A       63%         4
 Summon Lightning Spire   Summ/Air       8%         N/A       63%         4


Dungeon Overview and Level Annotations

Branches:
Dungeon (1/15)

Altars:


Innate Abilities, Weirdness & Mutations

Your natural rate of healing is accelerated.
You have razor-sharp teeth.
You have supernaturally acute eyesight. (SInv)
You are afflicted with vampirism.
[You are frail. (-10% HP)]


Message History

You swap places.
You begin bloodletting.
You continue bloodletting. x5
HP restored.
You become bloodless.
You begin the revivification ritual.
You continue your ritual. x5
You return to life.
You feel frail.
Your quokka disappears in a puff of smoke! x2
A quokka comes into view.
Casting: Summon Small Mammal (safe; 3% risk of failure)
Confirm with . or Enter, or press ? or * to list all spells.
You swap places.
The quokka bites you. x2
You miss the quokka. You bite the quokka.
The quokka is severely wounded.
The quokka barely misses you.
You hit the quokka but do no damage. You bite the quokka.
You kill the quokka!
Found a robe.
You see here a +0 robe.
Casting: Summon Small Mammal (safe; 3% risk of failure)
Press: ? - help, Q - select action Dir - look around, f - activate
Okay, then.
Okay, then.
Found a club.
A kobold comes into view. It is wielding a +0 dagger.
The kobold throws a stone.
The stone hits you but does no damage.
You barely miss the kobold.
Your rat disappears in a puff of smoke!
The kobold barely misses you.
Casting: Summon Small Mammal (safe; 3% risk of failure)
Confirm with . or Enter, or press ? or * to list all spells.
The kobold hits you with a +0 dagger.
You barely miss the kobold.
Your quokka bites the kobold but does no damage.
The kobold hits you with a +0 dagger.
You closely miss the kobold.
Your quokka bites the kobold.
The kobold dies!
Things that are here:
a +0 dagger; a stone Are you sure you want to abandon this character and quit the game? (Confirm with "yes".)

.#.. ...#
#..## ..
##...####.#
#.........#
#........#
#.r......#
#..@.....##
#...)......
#........##
#........#
#........#
#........#
#........#
##
#####.###.##
###.
#.........#
##...


You could see a friendly quokka (summoned).

Vanquished Creatures
  A quokka (D:1)
1 creature vanquished.

Vanquished Creatures (collateral kills)
  A kobold (D:1)
1 creature vanquished.

Grand Total: 2 creatures vanquished

Notes
Turn   | Place    | Note
-------+----------+-------------------------------------------
     0 | D:1      | cono6783 the Vampire Summoner began the quest for the Orb.
     0 | D:1      | Reached XP level 1. HP: 13/13 MP: 3/3
    87 | D:1      | Quit the game

Illustrated notes

Levels and vault maps discovered:
D:1:      minmay_arrival_wavy_path, layout_rooms,
          shapermc_ecumenical_altar_pompeii, hangedman_decor_points,
          corexii_hall_statues_u, amcnicky_mini_corridor_feature,
          nicolae_concentric_dashed_squares_mild

Action                     || total
---------------------------++-------
  Melee: Unarmed           ||     5
         Bite              ||     2
   Cast: Summon Small Mamm ||     5
Ability: Exsanguinate      ||     1
         Revivify          ||     1
 Armour: Robe              ||     5
  Dodge: Dodged            ||     2
